 Dungeon Crawl Stone Soup version 0.28-a0-1292-gb4563b27b3 (webtiles) character file.

Game seed: 3558954623024648155

163 Conn the Sneak (level 5, -3/32 HPs)
             Began as an Octopode Fire Elementalist on Dec 27, 2021.
             Was an Initiate of Sif Muna.
             Slain by a water moccasin skeleton (7 damage)
             ... on level 4 of the Dungeon.
             The game lasted 00:05:44 (3372 turns).

Conn the Sneak (Octopode Fire Elementalist)         Turns: 3372, Time: 00:05:45

Health: -3/32      AC:  1    Str:  7    XL:     5   Next: 44%
Magic:  8/9        EV: 13    Int: 20    God:    Sif Muna [......]
Gold:   248        SH:  0    Dex: 12    Spells: 3/10 levels left

rFire   . . .      SeeInvis .   h - +3 short sword
rCold   . . .      Faith    .   (no shield)
rNeg    . . .      Spirit   .   (helmet restricted)
rPois   .          Reflect  .   k - amulet of magic regeneration
rElec   .          Harm     .   (no ring)
rCorr   .          Rampage  .   (no ring)
Will    .....                   (no ring)
Stlth   +++.......              (no ring)
HPRegen 0.10/turn               (no ring)
MPRegen 0.51/turn               (no ring)
                                (no ring)
                                (no ring)

@: no status effects
A: almost no armour, amphibious, 8 rings, camouflage 1, gelatinous body 1,
(nimble swimmer 1), tentacles
a: Renounce Religion


You were on level 4 of the Dungeon.
You worshipped Sif Muna.
Sif Muna was noncommittal.
You visited 2 branches of the dungeon, and saw 5 of its levels.

You collected 248 gold pieces.

Inventory:

Hand Weapons
 b - a +0 dagger
 h - a +3 short sword (weapon)
 n - a +2 morningstar of protection
Missiles
 d - 53 poisoned darts
Jewellery
 k - an amulet of magic regeneration (around mantle)
Scrolls
 a - a scroll of noise {unknown}
 c - 2 scrolls of teleportation {unknown}
 f - a scroll of fear {unknown}
 g - a scroll of enchant armour {unknown}
 i - 2 scrolls of identify {unknown}
 o - a scroll of amnesia {unknown}
Potions
 e - a potion of lignification {unknown}
 j - 2 potions of attraction {unknown}
 l - 2 potions of curing {unknown}
 m - a potion of flight
 p - a potion of berserk rage {unknown}


   Skills:
 + Level 0.4 Fighting
 + Level 0.3 Short Blades
 + Level 2.2 Dodging
 + Level 4.3 Stealth
 + Level 3.0 Spellcasting
 + Level 1.9 Conjurations
 + Level 4.0 Fire Magic


You had 3 spell levels left.
You knew the following spells:

 Your Spells              Type           Power      Damage    Failure   Level
a - Foxfire               Conj/Fire      60%        2x1d7     4%          1
b - Conjure Flame         Conj/Fire      15%        6-21      12%         3
c - Inner Flame           Hex/Fire       11%        N/A       19%         3

Your spell library contained the following spells:

 Spells                   Type           Power      Damage    Failure   Level
 Scorch                   Fire           38%        2d6       4%          2
 Corpse Rot               Necr/Air       6%         N/A       22%         2
 Poisonous Vapours        Pois/Air       6%         N/A       22%         2
 Confusing Touch          Hex            3%         N/A       38%         3
 Flame Wave               Conj/Fire      15%        2d5       38%         4
 Yara's Violent Unravell  Hex/Tmut       1%         3d3       98%         5
 Enfeeble                 Hex            1%         N/A       100%        7


Dungeon Overview and Level Annotations

Branches:
Dungeon (4/15)             Temple (1/1) D:4

Altars:
Cheibriados
Dithmenos
Elyvilon
Kikubaaqudgha
Nemelex Xobeh
Sif Muna
Wu Jian
Yredelemnul
Zin
The Shining One


Innate Abilities, Weirdness & Mutations

You cannot wear most types of armour.
You are amphibious.
You can wear up to eight rings at the same time.
Your skin changes colour to match your surroundings (Stealth+).
Your rubbery body absorbs attacks. (AC +1, EV +1)
((You are camouflaged when in or above water. (Stealth+)))
You have tentacles for arms and can constrict up to eight enemies at once.


Message History

The hobgoblin closely misses you.
You hit the hobgoblin.
You kill the hobgoblin!
Sif Muna accepts your kill.
You see here a +0 chain mail.
p - a murky brown potion A water moccasin skeleton comes into view.
You hit the water moccasin skeleton.
Your grab misses the water moccasin skeleton.
The water moccasin skeleton is lightly damaged.
The water moccasin skeleton bites you.
You hit the water moccasin skeleton.
Your grab misses the water moccasin skeleton.
The water moccasin skeleton is moderately damaged.
The water moccasin skeleton bites you.
You hit the water moccasin skeleton. You grab the water moccasin skeleton.
The water moccasin skeleton is heavily damaged.
You constrict the water moccasin skeleton.
The water moccasin skeleton bites you.
You hit the water moccasin skeleton.
The water moccasin skeleton is heavily damaged.
You constrict the water moccasin skeleton.
The water moccasin skeleton closely misses you.
The water moccasin skeleton bites you!
You barely miss the water moccasin skeleton.
The water moccasin skeleton is severely damaged.
You constrict the water moccasin skeleton.
The water moccasin skeleton bites you.
You hit the water moccasin skeleton.
The water moccasin skeleton is almost destroyed.
You constrict the water moccasin skeleton.
The water moccasin skeleton completely misses you.
Casting: Foxfire (safe; 4% risk of failure)
Confirm with . or Enter, or press ? or * to list all spells.
You conjure some foxfire!
You constrict the water moccasin skeleton.
The water moccasin skeleton bites you!
* * * LOW HITPOINT WARNING * * *
The water moccasin skeleton bites you!
You die...

######### #.......#
#.#####.#
#####.#####.# #.J
#........##.# ..#
#.###.##.##.# #.# #.#
#.##.##.# ##.## #.#
#.....v.###.# †.. ##
#.# ####..v@Z...# #.#
.# #.# ##########
##.## .# #.#
#...###.## #.#
####### ###...#.....
#.# #.....#
##.........#. #.#
#.....###......)...#.
####.####
#................###.
#.......#
#.....##..##<..#..)..
#.##.##.#
#.................⌠..


You could see a water moccasin skeleton (ally target).

Vanquished Creatures
  Natasha (twice) (D:3)
  Robin (D:2)
  An adder (D:2)
  A gnoll (D:1)
  2 worms (D:2)
  3 dart slugs
  An orc (D:3)
  3 bats
  4 endoplasms
  5 giant cockroaches
  9 goblins
  7 hobgoblins
  5 quokkas
  5 ball pythons
  4 frilled lizards
  5 kobolds
  9 rats
67 creatures vanquished.

Vanquished Creatures (collateral kills)
  4 foxfires (D:1)
4 creatures vanquished.

Vanquished Creatures (others)
  138 foxfires
  5 toadstools (D:1)
143 creatures vanquished.

Grand Total: 214 creatures vanquished

Notes
Turn   | Place    | Note
-------+----------+-------------------------------------------
     0 | D:1      | Conn the Octopode Fire Elementalist began the quest for the
                  | Orb.
     0 | D:1      | Reached XP level 1. HP: 11/11 MP: 3/3
   245 | D:1      | Reached XP level 2. HP: 17/17 MP: 5/5
   691 | D:1      | Reached XP level 3. HP: 21/21 MP: 6/6
  1158 | D:2      | Reached XP level 4. HP: 20/27 MP: 0/7
  1336 | D:2      | Noticed Robin
  1594 | D:1      | Learned a level 3 spell: Conjure Flame
  1598 | D:1      | Learned a level 3 spell: Inner Flame
  1675 | D:2      | Killed Robin
  2056 | D:2      | Found a faded altar of an unknown god.
  2408 | D:3      | Found a snail-covered altar of Cheibriados.
  2732 | D:3      | Noticed Natasha
  2742 | D:3      | Killed Natasha
  2743 | D:3      | Reached XP level 5. HP: 22/32 MP: 7/9
  2856 | D:3      | Noticed Natasha
  2862 | D:3      | Killed Natasha
  3033 | D:3      | Found an ornate altar of the Wu Jian Council.
  3185 | D:4      | Found a staircase to the Ecumenical Temple.
  3200 | Temple   | Entered the Ecumenical Temple
  3229 | Temple   | Became a worshipper of Sif Muna the Loreminder
  3372 | D:4      | Slain by a water moccasin skeleton

Illustrated notes

Levels and vault maps discovered:
D:1:      onia_arrival_mini_spirals, layout_loops_ring,
          chequers_serial_rivers_micro_c, fountainhead,
          minmay_gold_behind_fungi, grunt_decor_arrowhead
D:2:      layout_loops_ring, shapermc_ecumenical_altar_flowoftime, st_stairs_11,
          uniq_robin
D:3:      layout_loops_ring, mainiacjoe_overflow_paths,
          nzn_wu_jian_contemplation, uniq_natasha
D:4:      layout_loops_cross, minmay_temple_entry_junction_2, serial_shops,
          shop, st_stairs_14
Temple:   eino_temple_scatter_basement

Skill      XL: |  1  2  3  4  5 |
---------------+----------------+-----
Stealth        | 3 4 |  4.3
Fire Magic     | 4 |  4.0
Spellcasting   | 3 |  3.0
Fighting       | |  0.4
Short Blades   | |  0.3
Dodging        | |  2.2
Conjurations   | |  1.9

Action                   |  1- 3 |  4- 6 || total
-------------------------+-------+-------++-------
Melee: Dagger            |    19 |       ||    19
       Constrict         |     5 |     7 ||    12
       Tentacles         |     7 |     4 ||    11
       Short sword       |     3 |    32 ||    35
 Cast: Foxfire           |    43 |    46 ||    89
       Conjure Flame     |       |     1 ||     1
  Use: Potion            |       |     2 ||     2
 Stab: Sleeping          |     8 |     8 ||    16
Armor: Skin              |       |     4 ||     4
Dodge: Dodged            |    11 |    17 ||    28

Table legend: (Time is in decaauts)
 A = Elapsed time spent in this place.
 B = Non-inter-level travel time spent in this place.
 C = Inter-level travel time spent in this place.
 D = Time resting spent in this place.
 E = Time spent auto-exploring this place.
 F = Levels seen in this place.
 G = Mean time per level.
                   A        B        C        D        E       F      G
               +--------+--------+--------+--------+--------+-----+--------+
         Total |   3374 |   3305 |     69 |    201 |   2320 |   5 |  674.8 |
       Dungeon |   3335 |   3276 |     59 |    201 |   2308 |   4 |  833.8 |
        Temple |     39 |     29 |     10 |      0 |     12 |   1 |   39.0 |
               +--------+--------+--------+--------+--------+-----+--------+

Top non-repeatable levels by time:
     D:1: 1160 daAuts
     D:2: 1100 daAuts
     D:3: 920 daAuts
     D:4: 154 daAuts
  Temple: 39 daAuts
